 Dungeon Crawl Stone Soup version 0.31-a0-236-g9a0961fb85 (webtiles) character file.

Game seed: 13123370627409945135

30 qw the Shooter (level 3, -1/21 HPs)
             Began as a Gargoyle Hexslinger on July 10, 2023.
             Slain by a worm (9 damage)
             ... on level 2 of the Dungeon.
             The game lasted 00:00:18 (614 turns).

qw the Shooter (Gargoyle Hexslinger)                 Turns: 614, Time: 00:00:19

Health: -1/21      AC:  5    Str: 11    XL:     3   Next: 18%
Magic:  4/4        EV: 12    Int: 13    God:
Gold:   12         SH:  0    Dex: 14    Spells: 3/4 levels left

rFire   . . .        Y - +1 sling
rCold   . . .        (no shield)
rNeg    + . .        c - +0 robe
rPois   inf          (no helmet)
rElec   +            (no cloak)
rCorr   .            (no gloves)
SInv    .            (no boots)
Will    .....        (no amulet)
Stlth   +            (no ring)
HPRegen 0.23/turn    (no ring)
MPRegen 0.09/turn

%: no passive effects
@: no status effects
A: sickness immunity, AC +3, negative energy resistance 1, electricity
resistance, torment resistance 1, petrification resistance
a: no special abilities


You were on level 2 of the Dungeon.
You visited 1 branch of the dungeon, and saw 2 of its levels.

You collected 12 gold pieces.


Innate Abilities, Weirdness & Mutations

You are immune to sickness and miasma.
Your stone body is resilient. (AC +3)
You are immune to poison.
You resist negative energy. (rN+)
You are resistant to electric shocks. (rElec)
You are resistant to unholy torment.
You are immune to petrification.


   Skills:
 - Level 2.2 Fighting
 + Level 3.0 Ranged Weapons
 - Level 1.5 Dodging
 - Level 1.0 Spellcasting
 - Level 2.6 Hexes


You had 3 spell levels left.
You knew the following spells:

 Your Spells              Type           Power      Damage    Failure   Level
a - Slow                  Hex            28%        N/A       10%         1

Your spell library contained the following spells:

 Spells                   Type           Power      Damage    Failure   Level
 Inner Flame              Hex/Fire       4%         N/A       43%         3
 Portal Projectile        Hex/Tloc       8%         N/A       43%         3
 Cause Fear               Hex            3%         N/A       67%         4

Inventory:

Hand Weapons
 Y - a +1 sling (weapon)
Armour
 c - a +0 robe (worn)
Scrolls
 a - a scroll of identify

Dungeon Overview and Level Annotations

Branches:
Dungeon (2/15)

Altars:

Annotations:
D:1 exclusion: endoplasm


Message History

You shoot a sling bullet. The sling bullet misses the adder.
The sling bullet barely misses the worm.
The adder barely misses you. The adder closely misses you.
You shoot a sling bullet.
The sling bullet closely misses the adder.
The sling bullet hits the worm.
The worm is heavily wounded.
The adder misses you. The adder barely misses you.
You shoot a sling bullet.
The sling bullet closely misses the adder.
The sling bullet hits the worm.
The worm is severely wounded.
The adder closely misses you.
You shoot a sling bullet. The sling bullet hits the adder.
The adder is severely wounded.
The adder completely misses you. The adder bites you.
You shoot a sling bullet.
The sling bullet completely misses the adder.
The sling bullet hits the hobgoblin.
You kill the hobgoblin!
The adder bites you. The adder barely misses you.
You shoot a sling bullet. The sling bullet hits the adder.
You kill the adder!
Your Fighting skill increases to level 2!
You have reached level 3!
Your experience leads to an increase in your attributes!
Increase (S)trength, (I)ntelligence, or (D)exterity?
You feel agile. x2
You shoot a sling bullet.
The sling bullet hits the frilled lizard.
You kill the frilled lizard!
You shoot a sling bullet.
The sling bullet barely misses the worm.
The worm bites you!
You shoot a sling bullet. The sling bullet hits the worm.
The worm is heavily wounded.
You shoot a sling bullet. The sling bullet hits the worm!
The worm is almost dead.
The worm bites you!
You die...

#. . $$ .
.##.# ..#.#
....# ...
#####w###.#
#.<.@.....#
#..##.#.###
#..# .#
....# ..
###.## .#.
.. .#.. ###
.# ## ##


You could see a worm.

Vanquished Creatures
  An adder (D:2)
  2 bats (D:1)
  An endoplasm (D:1)
  2 hobgoblins
  2 jackals (D:1)
  A quokka (D:1)
  4 ball pythons (D:1)
  2 frilled lizards
  4 goblins (D:1)
  A rat (D:1)
20 creatures vanquished.

Notes
Turn   | Place    | Note
-------+----------+-------------------------------------------
     0 | D:1      | qw the Gargoyle Hexslinger began the quest for the Orb.
     0 | D:1      | Reached XP level 1. HP: 12/12 MP: 2/2
     0 | D:1      | 0 ||| qw: Version: 0.3-a-52-g30416fa
     0 | D:1      | 0 ||| qw: Game counter: 4920
     0 | D:1      | 0 ||| qw: Melee chars always use a shield: true
     0 | D:1      | 0 ||| qw: God list: Okawaru
     0 | D:1      | 0 ||| qw: Allow faded altars: false
     0 | D:1      | 0 ||| qw: Do Orc after clearing Dungeon:15 true
     0 | D:1      | 0 ||| qw: Do second Lair branch before Depths: true
     0 | D:1      | 0 ||| qw: Lair rune preference: random
     0 | D:1      | 0 ||| qw: Goals: Normal
     0 | D:1      | 0 ||| PLANNING D:1-11
     2 | D:1      | 2 ||| DROPPING scroll of poison.
    91 | D:1      | Reached XP level 2. HP: 16/16 MP: 3/3
   127 | D:1      | Reached skill level 3 in Ranged Weapons
   436 | D:1      | Found a faded altar of an unknown god.
   586 | D:1      | 586 ||| READING 2 scrolls labelled WIOHURPH DEAWA.
   587 | D:1      | 587 ||| READING scroll labelled ECHAUN JURO.
   611 | D:2      | Reached XP level 3. HP: 14/21 MP: 4/4
   614 | D:2      | Slain by a worm

Levels and vault maps discovered:
D:1:      scummos_arrival_simple_crosswalls, layout_loops_ring,
          dreamdust_ecumenical_altar_sealed_demon
D:2:      layout_basic, serial_shops, shop, minmay_tromino_mix6, uniq_robin

Skill      XL: |  1  2 |
---------------+-------+-----
Ranged Weapons | 3 |  3.0
Fighting       | 2 |  2.2
Dodging        | |  1.5
Spellcasting   | |  1.0
Hexes          | |  2.6

Action                     || total
---------------------------++-------
   Fire: Sling             ||    61
    Use: Scroll            ||     2
 Armour: Robe              ||     6
  Dodge: Dodged            ||    19

Table legend:
 A = Non-vault XP
 B = Vault XP
 C = Vault XP percentage of total XP
 D = Non-vault monster count
 E = Vault monster count
 F = Vault count percentage of total count
                 A         B        C        D         E       F
            +---------+---------+-------+---------+---------+-------
      Total |      27 |      16 |  37.2 |      17 |       3 |  15.0
            +---------+---------+-------+---------+---------+-------
        D:1 |      27 |       0 |   0.0 |      17 |       0 |   0.0
        D:2 |       0 |      16 | 100.0 |       0 |       3 | 100.0
            +---------+---------+-------+---------+---------+-------
